 Dungeon Crawl Stone Soup version 0.29.1-13-g9f3cf754e1 (webtiles) character file.

Game seed: 7071545743598546992

352 concernfroge the Ducker (level 6, -4/25 HPs)
             Began as a Felid Transmuter on Jan 28, 2023.
             Was an Initiate of Gozag.
             Shot with an arrow by a centaur (15 damage)
             ... on level 5 of the Dungeon.
             The game lasted 00:11:11 (3895 turns).

concernfroge the Ducker (Felid Transmuter)          Turns: 3895, Time: 00:11:12

Health: -4/25      AC:  2    Str: 10    XL:     6   Next: 34%
Magic:  4/10       EV: 24    Int: 18    God:    Gozag
Gold:   352        SH:  0    Dex: 23    Spells: 3/9 levels left
                                        Lives:  0   Deaths: 1

rFire   + + .      SeeInvis +     - Unarmed
rCold   . . .      Faith    .   (shield unavailable)
rNeg    + . .      Spirit   .   (body armour unavailable)
rPois   x          Reflect  .   (helmet unavailable)
rElec   .          Harm     .   (cloak unavailable)
rCorr   .          Rampage  .   (gloves unavailable)
Will    .....                   (boots unavailable)
Stlth   +++.......              (no amulet)
HPRegen 0.08/turn               d - ring of Udilu {rF++ rN+ Str-2 Int+3}
MPRegen 0.12/turn               e - +6 ring of strength

@: spider-form, very slightly contaminated
A: venomous fangs, tiny, (claws 1), (fangs 3), see invisible, (speed 1), (shaggy
fur 2), (stealthy paws), no weapons or thrown items, no armour, multi-lived
a: End Transformation, Renounce Religion, Potion Petition, Call Merchant, Bribe
Branch


You were on level 5 of the Dungeon.
You worshipped Gozag.
Gozag was aware of your devotion.
You were a venomous arachnid creature.
You visited 1 branch of the dungeon, and saw 5 of its levels.

You collected 403 gold pieces.
You paid 51 gold pieces to Gozag.

Inventory:

Jewellery
 d - the ring of Udilu (left front leg) {rF++ rN+ Str-2 Int+3}
   (You acquired it on level 4 of the Dungeon)

   [ring of positive energy]

   Str:       It affects your strength (-2).
   Int:       It affects your intelligence (+3).
   rF:        It greatly protects you from fire.
   rN:        It protects you from negative energy.
 e - a +6 ring of strength (right front leg)
Wands
 a - a wand of roots (5)
Scrolls
 b - a scroll of teleportation
 c - 3 scrolls of poison
 g - a scroll of fog
 j - 2 scrolls of torment {unknown}
 l - a scroll of enchant armour {unknown}
Potions
 k - 2 potions of haste
 n - a potion of cancellation {unknown}


   Skills:
 - Level 1.0 Fighting
 + Level 4.9 Dodging
 + Level 4.1 Stealth
 + Level 4.3 Unarmed Combat
 - Level 2.0 Spellcasting
 - Level 4.0 Transmutations
 + Level 2.2 Poison Magic


You had 3 spell levels left.
You knew the following spells:

 Your Spells              Type           Power      Damage    Failure   Level
a - Beastly Appendage     Tmut           32%        N/A       12%         1
b - Wereblood             Tmut           16%        N/A       16%         2
c - Spider Form           Tmut/Pois      12%        N/A       34%         3

Your spell library contained the following spells:

 Spells                   Type           Power      Damage    Failure   Level
 Ignite Poison            Fire/Tmut/Pois 9%         N/A       45%         3
 Conjure Flame            Conj/Fire      1%         6-21      69%         3
 Ice Form                 Ice/Tmut       9%         N/A       80%         4
 Sticky Flame             Conj/Fire      1%         2d3       96%         4


Dungeon Overview and Level Annotations

Branches:
Dungeon (5/15)
 Temple: D:4-7

Altars:
Cheibriados
Gozag
Nemelex Xobeh
Xom
Zin

Annotations:
D:3 1 runed translucent door, exclusion: door, Thatpatchoflichen's ghost, amateur DEHu
D:4 Edmund; Pikel; Robin
D:5 3 runed translucent doors, AverageBear's ghost, novice FoFi; Blork the orc


Innate Abilities, Weirdness & Mutations

You are a venomous arachnid creature.
You have poisonous fangs.
You are tiny and dextrous.
Your spellcasting is less reliable in this form.
((You have sharp claws.))
((You have razor-sharp teeth.))
You have supernaturally acute eyesight. (SInv)
((You cover ground quickly. (Speed+)))
((You are covered in thick fur. (AC +2)))
((Your paws help you pounce on unaware monsters.))
You are incapable of wielding weapons or throwing items.
You cannot wear armour.
You gain extra lives every three experience levels.


Message History

An ufetubus comes into view.
The ufetubus shouts!
The ufetubus closely misses you. The ufetubus completely misses you.
You scratch the ufetubus.
The ufetubus is lightly wounded.
The ufetubus hits you. The ufetubus misses you.
You closely miss the ufetubus.
The ufetubus is lightly wounded.
The ufetubus barely misses you. x2
You scratch the ufetubus.
The ufetubus is moderately wounded.
The ufetubus misses you. The ufetubus completely misses you.
The ufetubus closely misses you. The ufetubus misses you.
You claw the ufetubus!
You kill the ufetubus!
You now have 352 gold pieces (gained 5).
Found a scroll labelled RIZXOO JUITZO.
j - 2 scrolls labelled RIZXOO JUITZO (gained 1)
As you read the scroll of identify, it crumbles to dust.
h - a potion of degeneration You drop a potion of degeneration.
Found a ring mail.
The centaur shouts!
The centaur shoots an arrow.
The arrow hits you.
Casting: Wereblood (safe; 5% risk of failure)
Confirm with . or Enter, or press ? or * to list all spells.
The spell is quite dangerous to miscast (16% risk of failure)!
Continue anyway?
You miscast Spider Form.
You are very lightly contaminated with residual magic.
Nothing appears to happen.
Casting: Spider Form (quite dangerous; 16% risk of failure)
Confirm with . or Enter, or press ? or * to list all spells.
The spell is quite dangerous to miscast (16% risk of failure)!
Continue anyway?
You turn into a venomous arachnid creature.
The centaur shoots an arrow.
The arrow hits you!
The centaur shoots an arrow.
The arrow misses you.
The centaur shoots an arrow.
The arrow hits you!
Ouch! That really hurt!
You die...
Your body crumbles into a pile of gold.

...# #.#########.#### ...# #.#
#....#
...##########.#########....######
.................................
...##########.####.........######
...# #....#.#####)..# ###
...#############.#.# #...####..
##.........# #.#.# #.##.....#
#.........# #s#.# #.##.#####
#.........# #.#.# #.##.#
#.........# #.#.# #.#..#
#.........+ #.#<# #.#.##
#.........# ###.### #.#.#####
.........### #...# #.......#
.........# #...#######.#####.#
.........# ...[.c+.........# #.#
....... #......#####..##.# #.#


You could see a centaur.

Vanquished Creatures
  A water moccasin (D:5)
  A black bear (D:5)
  A necrophage (D:5)
  A hound (D:3)
  3 gnolls (D:5)
  2 adders
  A white imp (D:5)
  An ufetubus (D:5)
  2 worms
  A dart slug (D:5)
  3 orcs
  6 ball pythons
  4 bats
  6 endoplasms
  4 goblins
  3 hobgoblins (D:1)
  4 jackals (D:3)
  3 kobolds
  A quokka (D:1)
  4 frilled lizards
  12 rats
64 creatures vanquished.

Notes
Turn   | Place    | Note
-------+----------+-------------------------------------------
     0 | D:1      | concernfroge the Felid Transmuter began the quest for the
                  | Orb.
     0 | D:1      | Reached XP level 1. HP: 9/9 MP: 4/4
   211 | D:1      | Found a faded altar of an unknown god.
   274 | D:1      | Reached skill level 1 in Stealth
   280 | D:1      | Reached XP level 2. HP: 6/12 MP: 6/6
   283 | D:1      | Learned a level 2 spell: Wereblood
  1150 | D:2      | Found a shimmering altar of Xom.
  1433 | D:2      | Reached XP level 3. HP: 15/15 MP: 5/7
  1670 | D:2      | Learned a level 3 spell: Spider Form
  1924 | D:3      | Found a snail-covered altar of Cheibriados.
  2347 | D:3      | Found a runed translucent door.
  2354 | D:3      | Noticed Thatpatchoflichen's ghost (amateur DEHu)
  2558 | D:3      | Found a sparkling altar of Nemelex Xobeh.
  2559 | D:3      | Found an opulent altar of Gozag.
  2561 | D:3      | Found a glowing silver altar of Zin.
  2570 | D:3      | Became a worshipper of Gozag Ym Sagoz the Greedy
  2831 | D:3      | Reached XP level 4. HP: 9/19 MP: 8/8
  3181 | D:4      | Noticed Robin
  3184 | D:4      | Identified a scroll of acquirement
  3193 | D:4      | Acquired the ring of Udilu {rF++ rN+ Str-2 Int+3}
  3221 | D:4      | Noticed Edmund
  3221 | D:4      | Noticed a lemure
  3222 | D:4      | Noticed a lemure
  3222 | D:4      | Noticed Pikel
  3222 | D:4      | Noticed a lemure
  3227 | D:4      | Noticed a lemure
  3230 | D:5      | Entered Level 5 of the Dungeon
  3250 | D:5      | Reached skill level 1 in Poison Magic
  3310 | D:5      | Noticed a water moccasin
  3318 | D:5      | Succumbed to a water moccasin's poison
  3319 | D:5      | Reached XP level 3. HP: -2/22 MP: 5/7
  3337 | D:5      | Killed a water moccasin
  3338 | D:5      | Reached XP level 4. HP: 17/19 MP: 5/8
  3338 | D:5      | Reached XP level 5. HP: 20/22 MP: 5/9
  3551 | D:5      | Noticed a black bear
  3570 | D:5      | Killed a black bear
  3571 | D:5      | Gained mutation: You are covered in thick fur. (AC +2)
                  | [Felid growth]
  3571 | D:5      | Reached XP level 6. HP: 25/25 MP: 1/10
  3704 | D:5      | Found a runed translucent gate.
  3705 | D:5      | Found a runed translucent gate.
  3706 | D:5      | Found a runed translucent gate.
  3708 | D:5      | Noticed AverageBear's ghost (novice FoFi)
  3736 | D:5      | Noticed Blork the orc
  3895 | D:5      | Shot with an arrow by a centaur

Illustrated notes

Levels and vault maps discovered:
D:1:      lemuel_arrival_muddy, layout_loops_ring,
          hellmonk_ecumenical_altar_crossroads
D:2:      layout_rooms, basic_altar, kennysheep_minor_cross
D:3:      layout_basic, mainiacjoe_overflow_surrounded_room,
          grunt_temple_overflow_open, ebering_ghost_reflecting_pool,
          palyth_stone_intersect, kennysheep_small_spiral
D:4:      layout_cave_pods, uniq_edmund, uniq_robin, uniq_sigmund, uniq_pikel
D:5:      layout_basic, biasface_ghost_orc_armoury, uniq_blork_the_orc

Skill      XL: |  1  2  3  4  5  6 |
---------------+-------------------+-----
Dodging        | 3 4 |  4.9
Stealth        | 1 3 4 |  4.1
Transmutations | 3 4 |  4.0
Poison Magic   | 1 2 |  2.2
Unarmed Combat | 4 |  4.3
Fighting       | |  1.0
Spellcasting   | |  2.0

Action                   |  1- 3 |  4- 6 || total
-------------------------+-------+-------++-------
Melee: Unarmed           |   130 |    42 ||   172
       Bite              |     9 |     2 ||    11
       Punch             |     2 |       ||     2
       Headbutt          |     4 |     3 ||     7
 Cast: Beastly Appendage |     7 |     2 ||     9
       Wereblood         |     7 |     3 ||    10
       Spider Form       |       |     5 ||     5
  Use: Scroll            |       |     8 ||     8
       Potion            |       |     2 ||     2
 Stab: Sleeping          |     7 |     2 ||     9
       Distracted        |     2 |     1 ||     3
Armor: Skin              |     3 |     4 ||     7
Dodge: Dodged            |    87 |    48 ||   135
